AoeStats
← HR Pinkman

Black Forest

508973893Analyzed
4v4 RM · 6d ago on Sep 24, 2026· 37m 33s· 8 players
Game mode
Random Map
Map size
Large (8 player)
Population
200
Speed
Normal
Resources
Standard
Victory
Conquest
Starting age
Dark Age
Ending age
Imperial Age
RankedLock teamsTeams togetherTeam positionsShared explorationLock speedFull tech treeHidden civsTurbo modeCheats
Victory
Defeat
🇨🇱 Malians · Chile
1901
+6
🇨🇱 Aztecs · Chile
1875
+7
🇨🇱 Georgians · Chile
1869
+7
🇨🇱 Lithuanians · Chile
1766
+9
🇧🇷 Franks · Brazil
1706
-9
🇨🇦 Khmer · Canada
1678
-8
🇵🇪 Britons · Peru
1630
-7
🇲🇽 Portuguese · Mexico
1569
-5
CAXCAN
8:59 Loom
12:39 Feudal Age
17:00 Castle Age
15:28 Double-Bit Axe
19:12 Horse Collar
22:46 Wheelbarrow
23:44 Bow Saw
23:31 Gold Mining
25:45 Hand Cart
29:38 Imperial Age
27:15 Pikeman
27:56 Scale Mail Armor
28:06 Forging
29:06 Chain Mail Armor
29:53 Ballistics
31:19 Chemistry
29:44 Halberdier
30:57 Plate Mail Armor
31:16 Iron Casting
31:43 Arquebus
33:18 Siege Engineers
34:20 Bombard Tower
35:18 Blast Furnace
36:18 Fletching
Mafioso_
6:49 Loom
10:58 Feudal Age
15:44 Castle Age
13:38 Double-Bit Axe
15:09 Fishing Lines
16:46 Bow Saw
17:15 Wheelbarrow
25:40 Gold Mining
26:31 Hand Cart
28:01 Light Cavalry
28:47 Scale Barding Armor
31:30 Imperial Age
28:55 Stone Mining
29:30 Forging
29:48 Husbandry
30:38 Chain Barding Armor
31:37 Gold Shaft Mining
30:49 Town Watch
31:43 Iron Casting
32:16 Chivalry
32:53 Plate Barding Armor
33:20 Chemistry
34:02 Conscription
34:00 Devotion
34:28 Masonry
36:47 Hoardings
37:22 Fletching
37:57 Bodkin Arrow
parachutedreamer
0:43 Loom
13:40 Feudal Age
18:52 Castle Age
17:34 Double-Bit Axe
19:09 Town Watch
20:21 Bow Saw
19:53 Horse Collar
24:23 Heavy Plow
26:51 Wheelbarrow
26:47 Gold Mining
26:48 Stone Mining
30:53 Imperial Age
30:14 Bloodlines
29:27 Light Cavalry
30:08 Husbandry
30:56 Forging
30:51 Scale Barding Armor
33:42 Iron Casting
34:11 Devotion
36:12 Chain Barding Armor
P4tr1ckLML
0:43 Loom
12:15 Feudal Age
16:16 Castle Age
14:27 Double-Bit Axe
15:55 Gold Mining
16:18 Fletching
17:38 Bodkin Arrow
21:38 Horse Collar
22:21 Bow Saw
23:44 Padded Archer Armor
27:05 Stone Mining
27:52 Heated Shot
28:27 Ballistics
29:03 Wheelbarrow
34:32 Imperial Age
32:33 Leather Archer Armor
33:24 Gold Shaft Mining
33:19 Town Watch
33:50 Hand Cart
37:10 Chemistry
37:14 Yeomen
HR Whitecourt
0:43 Loom
13:29 Feudal Age
14:37 Double-Bit Axe
14:50 Fishing Lines
15:42 Town Watch
21:34 Castle Age
21:29 Gold Mining
22:17 Gillnets
27:06 Imperial Age
25:30 Bow Saw
26:18 Sanctity
26:34 Redemption
26:37 Fervor
27:04 Herbal Medicine
28:12 Block Printing
28:22 Illumination
28:05 Stone Mining
28:51 Wheelbarrow
28:26 Scale Mail Armor
28:37 Forging
29:39 Theocracy
30:14 Chain Mail Armor
29:21 Pikeman
30:01 Squires
30:17 Atonement
30:54 Arson
31:39 Plate Mail Armor
32:50 Iron Casting
33:18 Gold Shaft Mining
33:15 Fletching
34:50 Devotion
36:08 Blast Furnace
36:09 Bodkin Arrow
37:52 Garland Wars
HR Sobek
8:59 Loom
12:42 Feudal Age
13:17 Double-Bit Axe
16:15 Castle Age
17:17 Bow Saw
16:50 Fishing Lines
17:37 Gillnets
20:57 Wheelbarrow
22:36 Gold Mining
25:34 Gold Shaft Mining
24:41 Horse Collar
25:17 Hand Cart
28:05 Imperial Age
28:07 Onager
29:51 Chemistry
28:39 Town Watch
28:55 Heavy Plow
28:47 Stone Mining
28:56 Capped Ram
29:25 Siege Onager
31:09 Masonry
30:39 Treadmill Crane
30:55 Murder Holes
31:47 Coinage
32:53 Stone Shaft Mining
33:55 Conscription
33:36 Tigui
34:22 Fletching
34:54 Ballistics
35:05 Architecture
36:13 Caravan
37:48 Bodkin Arrow
HR Pinkman
0:52 Loom
11:22 Feudal Age
15:47 Castle Age
14:08 Double-Bit Axe
16:43 Bow Saw
17:16 Horse Collar
19:08 Heavy Plow
19:16 Fletching
24:26 Wheelbarrow
26:01 Bodkin Arrow
26:32 Medium Warships
31:00 Imperial Age
29:34 Fishing Lines
30:18 Guard Tower
30:49 Ballistics
30:44 Svan Towers
31:43 Scale Barding Armor
31:29 Treadmill Crane
32:00 Masonry
32:00 Bracer
32:37 Keep
33:03 Chemistry
32:25 Conscription
32:39 Scale Barding Armor
32:55 Masonry
32:26 Treadmill Crane
34:42 Gillnets
35:30 Architecture
34:56 Murder Holes
35:23 Chain Barding Armor
35:14 Forging
37:06 Plate Barding Armor
36:33 Husbandry
37:03 Padded Archer Armor
38:05 Hand Cart
HR RYGE
11:14 Feudal Age
16:03 Castle Age
14:20 Double-Bit Axe
14:35 Horse Collar
17:41 Bow Saw
20:53 Wheelbarrow
23:39 Fishing Lines
25:46 Hand Cart
29:50 Imperial Age
27:25 Gillnets
27:29 Gold Mining
28:28 Scale Barding Armor
28:34 Forging
28:20 Town Watch
28:20 Loom
29:40 Chain Barding Armor
30:11 Bloodlines
30:02 Husbandry
30:38 Iron Casting
30:32 Heavy Plow
30:17 Elite Leitis
31:49 Plate Barding Armor
32:05 Conscription
32:34 Crop Rotation
37:38 Caravan
Connection lost

Rejoining the realm…

Still unreachable

The connection could not be restored.

Session expired

The server has moved on; the page needs a fresh start.